Map: Neon Violet Square LE

Players

scdpride

  • Race: Terran Terran
  • League: Master
  • Spawn Location: 11:00

FLORENCIO - Winner!

  • Race: Protoss Protoss
  • League: Master
  • Spawn Location: 5:00

VOD

Have the link to the VOD?

Description

Time

  • Played on: Feb. 27, 2018, 12:40 a.m.
  • Length: 22:04
Show
View Real Time Build Order
Export as new Build Order

scdpride Terran 

Build Orders: 1/1/1 

Get SALT Encoding   

  12  0:09  Supply Depot  
  12  0:13  SCV  
  13  0:25  SCV  
  14  0:34  Barracks  
  14  0:37  SCV  
  15  0:46  Refinery  
  15  0:49  SCV  
  16  0:56  Refinery  
  16  1:01  SCV  
  17  1:14  SCV  
  18  1:23  Marine  
  19  1:30  Orbital Command  
  19  1:42  Factory  
  19  1:45  Barracks Reactor  
  19  1:56  SCV  
  20  2:05  Supply Depot  
  20  2:08  SCV  
  22  2:29  Starport  
  22  2:32  Hellion  
  22  2:33  Hellion  
  25  2:44  Supply Depot  
  25  2:45  SCV  
  26  3:04  Starport  
  26  3:05  Marine x2  
  27  3:11  SCV, Starport Tech Lab  
  29  3:20  Cyclone  
  32  3:28  SCV  
  30  3:47  SCV, Viking  
  30  3:48  Viking  
  33  3:50  Marine x2  
  35  4:07  Supply Depot  
  35  4:10  Engineering Bay  
  35  4:13  Cyclone  
  38  4:17  Medivac  
  38  4:23  Marine x2  
  42  4:33  Banshee  
  45  4:42  Missile Turret  
  45  4:53  Hellion  
  45  4:58  SCV, Starport Tech Lab  
  48  5:10  SCV  
  48  5:13  Barracks  
  49  5:22  SCV  
  49  5:24  Raven  
  52  5:29  Raven  
  52  5:43  Missile Turret  
  44  6:09  SCV  
  44  6:11  Viking  
  47  6:12  Viking, Marine x3  
  47  6:13  Cyclone  
  54  6:33  Missile Turret  
  54  6:34  SCV  
  54  6:36  Supply Depot  
  55  6:50  Missile Turret  
  55  6:58  Viking x2, Marine  
  55  6:59  Marine x2  
  60  7:30  Viking  
  65  7:37  Viking  
  61  7:47  SCV  
  57  8:02  Viking  
  57  8:04  SCV  
  60  8:07  Viking  
  62  8:35  Armory  
  62  8:39  Command Center  
  61  8:45  SCV  
  61  8:55  Command Center  
  61  8:57  SCV  
  54  9:33  Factory Tech Lab  
  54  9:42  SCV  
  55  10:04  Thor  
  61  10:07  Viking x3  
  61  10:08  Missile Turret  
  61  10:10  Refinery  
  61  10:11  Refinery  
  65  10:30  Orbital Command  
  65  10:31  Missile Turret  
  65  10:34  Orbital Command  
  65  10:47  Thor  
  71  10:55  Terran Vehicle And Ship Armor Level 1  
  71  10:58  SCV x2  
  73  11:10  SCV  
  73  11:11  SCV x2, Missile Turret  
  76  11:13  Missile Turret  
  76  11:22  Missile Turret  
  76  11:23  SCV x2  
  76  11:24  Missile Turret  
  78  11:26  Raven  
  78  11:32  SCV  
  81  11:35  SCV  
  81  11:36  Sensor Tower  
  82  11:45  SCV  
  84  11:47  SCV x2  
  85  11:56  Thor  
  85  11:58  SCV  
  85  11:59  SCV  
  85  12:00  SCV  
  94  12:04  Refinery  
  94  12:05  Factory  
  94  12:08  Refinery  
  94  12:10  Armory  
  94  12:13  SCV  
  94  12:15  Starport  
  95  12:17  Raven  
  95  12:18  SCV x2  
  99  12:27  Viking  
  101  12:33  Barracks Tech Lab, Ghost Academy  
  101  12:34  Barracks Tech Lab  
  101  12:44  Supply Depot  
  101  12:45  SCV x2, Supply Depot  
  101  12:49  SCV  
  104  12:52  Starport Tech Lab  
  104  12:57  SCV x2  
  106  13:01  SCV, Fusion Core  
  106  13:05  Terran Vehicle And Ship Armor Level 2  
  107  13:09  SCV  
  108  13:24  Factory Tech Lab, Thor  
  108  13:25  Ghost  
  116  13:28  Raven  
  116  13:31  SCV x3  
  119  13:43  SCV  
  120  13:50  Supply Depot  
  120  13:54  Command Center  
  99  14:15  Thor x2  
  111  14:20  SCV x3  
  109  14:32  SCV x3  
  111  14:44  SCV x2  
  100  14:47  Viking  
  100  14:48  Viking x2  
  106  14:58  Thor  
  113  15:00  SCV x2  
  113  15:06  Orbital Command  
  114  15:29  Thor  
  114  15:32  Terran Vehicle And Ship Armor Level 3  
  120  15:35  Armory  
  120  15:38  Viking  
  120  15:40  Viking  
  124  15:48  SCV  
  124  15:49  SCV x3  
  128  15:54  Refinery  
  128  15:55  Refinery  
  128  16:01  SCV, Supply Depot  
  128  16:02  Supply Depot  
  129  16:16  Supply Depot  
  129  16:23  Battlecruiser  
  134  16:45  Supply Depot  
  134  16:46  Supply Depot  
  134  16:47  Thor  
  134  16:48  Supply Depot  
  134  16:53  Viking x2, Thor  
  149  16:55  Viking  
  148  17:23  Viking x2  
  148  17:25  Viking  
  148  17:27  Viking  
  156  17:30  Terran Ship Weapons Level 1  
  156  17:53  Viking  
  156  17:56  Thor  
  164  17:59  Viking  
  164  18:04  Command Center  
  166  18:09  Supply Depot x2, Terran Vehicle Weapons Level 1  
  166  18:13  Supply Depot  
  166  18:25  Thor  
  172  18:30  Viking x2  
  172  18:31  Refinery  
  176  18:37  Orbital Command  
  176  18:58  Viking x2  
  176  19:00  Viking  
  182  19:08  Thor  
  182  19:09  Supply Depot  
  188  19:24  Barracks  
  139  20:01  Thor  
  139  20:03  Factory Tech Lab  
  145  20:10  SCV  
  146  20:19  Orbital Command  
  146  20:28  Thor  
  144  20:52  Orbital Command  
  150  21:04  Factory Tech Lab  
Show
View Real Time Build Order
Export as new Build Order

FLORENCIO Protoss - Winner!

Build Orders: Oracle Opening 

Get SALT Encoding   

  12  0:01  Probe  
  13  0:13  Probe  
  14  0:20  Pylon  
  14  0:25  Probe (Chrono Boost)  
  15  0:33  Assimilator  
  15  0:40  Probe (Chrono Boost)  
  16  0:45  Gateway, Probe (Chrono Boost)  
  17  0:55  Probe (Chrono Boost)  
  18  1:01  Assimilator  
  18  1:08  Probe (Chrono Boost)  
  19  1:13  Pylon  
  19  1:15  Probe (Chrono Boost)  
  20  1:24  Probe  
  21  1:33  Cybernetics Core  
  21  1:36  Probe  
  22  1:48  Probe  
  23  2:00  Probe  
  24  2:10  Stalker (Chrono Boost)  
  26  2:18  Pylon  
  26  2:23  Stargate  
  26  2:27  Probe  
  27  2:42  Nexus  
  27  2:50  Pylon  
  27  3:03  Oracle (Chrono Boost)  
  27  3:07  Stalker  
  28  3:50  Void Ray  
  28  3:52  Probe  
  33  4:03  Probe  
  33  4:04  Probe  
  35  4:15  Probe (Chrono Boost)  
  37  4:19  Probe (Chrono Boost)  
  37  4:27  Probe (Chrono Boost)  
  39  4:31  Pylon  
  39  4:32  Probe (Chrono Boost)  
  39  4:33  Probe (Chrono Boost)  
  39  4:37  Void Ray (Chrono Boost)  
  44  4:40  Probe  
  44  4:41  Probe  
  46  4:52  Probe  
  47  4:55  Shield Battery  
  47  5:01  Probe  
  47  5:04  Probe  
  47  5:06  Assimilator  
  49  5:11  Assimilator  
  49  5:13  Probe  
  50  5:16  Probe, Fleet Beacon  
  51  5:22  Stargate  
  51  5:29  Probe  
  52  5:45  Shield Battery  
  52  5:47  Shield Battery  
  44  6:17  Probe (Chrono Boost)  
  45  6:21  Tempest x2 (Chrono Boost)  
  57  6:26  Probe (Chrono Boost)  
  58  6:35  Shield Battery  
  58  6:37  Pylon  
  58  6:47  Pylon  
  58  6:51  Pylon  
  58  6:52  Probe  
  59  6:56  Tempest (Chrono Boost)  
  65  7:04  Tempest (Chrono Boost)  
  71  8:03  Carrier (Chrono Boost)  
  83  8:13  Carrier (Chrono Boost), Probe, Forge  
  83  8:16  Pylon  
  84  8:25  Probe, Pylon  
  85  8:59  Stargate  
  85  9:10  Photon Cannon  
  85  9:13  Photon Cannon  
  85  9:14  Photon Cannon  
  85  9:16  Photon Cannon  
  85  9:19  Carrier (Chrono Boost)  
  90  9:26  Nexus  
  90  9:27  Pylon  
  90  9:35  Stargate  
  90  9:40  Probe  
  90  9:44  Mothership  
  100  9:52  Probe  
  100  10:04  Probe  
  107  10:08  Carrier (Chrono Boost)  
  107  10:14  Assimilator  
  107  10:17  Probe  
  108  10:27  Carrier (Chrono Boost)  
  111  10:37  Twilight Council  
  111  10:39  Warp Gate (Chrono Boost)  
  111  10:47  Carrier (Chrono Boost)  
  111  10:52  Probe  
  111  10:56  Probe  
  119  11:04  Probe  
  120  11:16  Carrier (Chrono Boost)  
  126  11:22  Assimilator  
  127  11:25  Probe  
  127  11:27  Probe  
  128  11:37  Probe  
  128  11:38  Probe  
  130  11:40  Gateway  
  130  11:41  Gateway  
  130  11:49  Probe  
  131  12:02  Probe  
  132  12:14  Probe  
  133  12:16  Nexus  
  133  12:29  Pylon  
  133  12:30  Pylon  
  133  12:31  Pylon  
  133  12:47  Templar Archives, Probe (Chrono Boost)  
  140  12:51  Gateway, Pylon  
  140  12:53  Carrier (Chrono Boost)  
  140  12:57  Probe (Chrono Boost)  
  141  13:02  Probe (Chrono Boost)  
  141  13:14  Carrier x2 (Chrono Boost)  
  159  13:31  Protoss Air Weapons Level 1  
  159  13:32  Carrier (Chrono Boost)  
  159  13:34  Psionic Storm  
  159  14:31  Carrier, Graviton Catapult  
  155  14:33  Carrier  
  167  15:04  Probe (Chrono Boost)  
  167  15:06  Mothership (Chrono Boost)  
  168  15:14  Probe (Chrono Boost)  
  169  15:17  High Templar x2  
  173  15:22  Nexus  
  173  15:26  High Templar  
  175  15:29  Gateway x2  
  175  15:34  Gateway  
  175  15:46  Assimilator  
  175  15:51  Assimilator  
  175  16:01  High Templar x2  
  179  16:09  Pylon  
  179  16:11  Pylon  
  179  16:13  Pylon  
  179  16:27  Carrier  
  179  16:28  Carrier  
  191  16:52  Probe  
  188  17:02  High Templar x2  
  188  17:04  Stalker, Probe  
  195  17:19  Pylon  
  195  17:20  Pylon  
  195  17:24  Nexus  
  195  17:26  Pylon  
  195  17:28  Assimilator  
  195  17:31  Protoss Air Armor Level 1  
  195  17:32  Assimilator  
  195  17:52  Stalker  
  195  17:53  Stalker  
  171  20:07  Gateway  
  171  20:08  Gateway  
  171  20:10  Gateway  
  171  20:11  Probe  
  171  20:12  Gateway  
  171  20:13  Pylon  
  172  20:15  Dark Shrine  
  172  20:23  Probe  
  173  20:36  Probe  
  148  21:37  Archon x2  
Tags
 
Add a new tag
Caveats
  • Supply blocks, unpowered buildings, or Contaminate may cause inaccurate times.
  • Supply counts are checked every 10 seconds.